 Dungeon Crawl Stone Soup version 0.16.1-51-g6203257 (webtiles) character file.

27 Katarsis the Caller (level 3, -4/19 HPs)
             Began as a Tengu Summoner on July 25, 2015.
             Slain by a gnoll
             ... wielding a +0 spear
              (6 damage)
             ... on level 2 of the Dungeon.
             The game lasted 00:22:12 (1656 turns).

Katarsis the Caller (Tengu Summoner)                Turns: 1656, Time: 00:22:26

Health: -4/19      AC:  3    Str:  8    XL:     3   Next: 10%
Magic:  0/7        EV:  7    Int: 16    God:
Gold:   54         SH:  0    Dex: 14    Spells: 1 memorised, 5 levels left

rFire  . . .     SeeInvis .     k - +0 hand axe
rCold  . . .     Clarity  .     m - +0 robe (curse)
rNeg   . . .     SustAb   .     (no shield)
rPois  .         Gourm    .     (helmet restricted)
rElec  .         Spirit   .     (no cloak)
rCorr  .         Warding  .     p - +0 pair of gloves
rMut   .         Stasis   .     (boots unavailable)
MR     .....                    (no amulet)
Stlth  ++........               (no ring)
                                (no ring)

@: very slightly contaminated, held, not resistant to hostile enchantments,
unstealthy
A: beak, talons 3
a: no special abilities


You were on level 2 of the Dungeon.
You were not hungry.

You visited 1 branch of the dungeon, and saw 2 of its levels.

You collected 54 gold pieces.

Inventory:

Hand weapons
 d - a +0 dagger
 f - a +0 club
 i - a +0 hunting sling
 k - a +0 hand axe (weapon)
Missiles
 e - 33 poisoned needles
 j - 45 bolts
 l - 16 arrows of flame
Armour
 a - a +0 robe
 m - a cursed +0 robe (worn)
 p - a +0 pair of gloves (worn)
Scrolls
 g - a scroll of teleportation {unknown}
 o - a scroll of immolation {unknown}
 r - a scroll of amnesia {unknown}
Potions
 h - a potion of restore abilities {unknown}
Books
 b - a book of Callings

   Spells                             Type                      Level
   a - Summon Small Mammal            Summoning                    1
   b - Call Imp                       Summoning                    2
   c - Call Canine Familiar           Summoning                    3
   d - Summon Guardian Golem          Hexes/Summoning              4
   e - Summon Lightning Spire         Summoning/Air                4
   f - Summon Ice Beast               Ice/Summoning                4
Comestibles
 c - a bread ration
 n - a fruit


   Skills:
 + Level 2.6 Dodging
 + Level 2.3 Stealth
 + Level 0.2 Unarmed Combat
 + Level 2.0 Spellcasting
 + Level 5.4 Summonings


You had 5 spell levels left.
You knew the following spells:

 Your Spells              Type           Power        Failure   Level  Hunger
a - Summon Small Mammal   Summ           ###.         2%          1    #......


Dungeon Overview and Level Annotations

Branches:
Dungeon (2/15)

Altars:


Innate Abilities, Weirdness & Mutations

You have a beak for a mouth.
You have claws for feet.


Message History

The gnoll closely misses you. The gnoll hits you but does no damage.
Casting: Summon Small Mammal
Confirm with . or Enter, or press ? or * to list all spells.
The gnoll hits you but does no damage.
The gnoll hits you from afar with a spear.
The gnoll throws a throwing net.
The throwing net closely misses you. The gnoll barely misses you.
The gnoll throws a throwing net.
The throwing net hits you.
You become entangled in the net!
You see here a throwing net.
You slice into the net.
Your rat bites the gnoll but does no damage.
The gnoll hits you with a whip.
You try to slip out of the net.
Your rat bites the gnoll but does no damage.
The gnoll hits you with a flail!
Ouch! That really hurt!
* * * LOW HITPOINT WARNING * * *
The gnoll hits you from afar with a spear.
You die...

#.....### ### ##.
###.....## ##.## #..
##.##..# #...######..
##..###.####......g....
#...#....##...#######..
#....(..........# #..
#....r.g.....##..# #..
#.....gg...#.# #.# ##.
## #.....@...##.# .# ##
#.##.............# .
###...(............. .
#.............#......
#.......##....#......
####.#............#
####....##......#
#........#......#
#.............>.#


You could see 3 gnolls and a friendly rat.

Vanquished Creatures
  A worm (D:2)
  A bat (D:1)
  2 hobgoblins
  A ball python (D:2)
  A goblin (D:1)
  A jackal (D:1)
  3 rats (D:1)
10 creatures vanquished.

Vanquished Creatures (collateral kills)
  An adder (D:2)
  A giant cockroach (D:2)
  2 goblins
  2 hobgoblins
  A giant newt (D:1)
  A jackal (D:1)
  A kobold (D:1)
  4 rats
13 creatures vanquished.

Vanquished Creatures (others)
  5 quokkas
  3 bats
  3 rats (D:2)
11 creatures vanquished.

Grand Total: 34 creatures vanquished

Notes
Turn   | Place    | Note
--------------------------------------------------------------
     0 | D:1      | Katarsis, the Tengu Summoner, began the quest for the Orb.
     0 | D:1      | Reached XP level 1. HP: 10/10 MP: 3/3
    63 | D:1      | Reached skill level 5 in Summonings
   334 | D:1      | Reached XP level 2. HP: 3/15 MP: 3/5
  1410 | D:2      | Reached XP level 3. HP: 2/19 MP: 5/7
  1656 | D:2      | Slain by a gnoll

Action                   || total
-------------------------++-------
Melee: Unarmed           ||    29
       Hand axe          ||    10
 Cast: Summon Small Mamm ||    32
  Use: Potion            ||     2
  Eat: Fruit             ||     2
       Beef jerky        ||     1
